 Dungeon Crawl Stone Soup version 0.32-a0-953-g508020473e (webtiles) character file.

Game seed: 17863640555835150516

179 Cancer the Changeling (level 5, -12/40 HPs)
             Began as a Draconian Shapeshifter on Apr 17, 2024.
             Was an Initiate of Wu Jian.
             Mangled by a mummy (13 damage)
             ... in an ossuary.
             The game lasted 00:05:39 (1949 turns).

Cancer the Changeling (Draconian Shapeshifter)      Turns: 1949, Time: 00:05:41

Health: -12/40     AC:  5    Str: 18    XL:     5   Next: 33%
Magic:  5/5        EV: 11    Int: 10    God:    Wu Jian [......]
Gold:   41         SH:  0    Dex: 17    Spells: 4/4 levels left

rFire   . . .        h - +2 dagger (elec)
rCold   . . .        (no shield)
rNeg    . . .        (body armour unavailable)
rPois   .            (helmet currently unavailable)
rElec   .            f - melded +0 cloak
rCorr   .            l - melded +1 pair of gloves
SInv    .            (boots currently unavailable)
Will    .....        (no amulet)
Stlth   ++           g - +6 ring of dexterity
HPRegen 0.26/turn    (no ring)
MPRegen 0.09/turn

%: no passive effects
@: beast-form
A: beast (slay +3), AC +5, unfitting armour, cold-blooded
a: Begin Untransformation, Renounce Religion


You were in an ossuary.
You worshipped Wu Jian.
Wu Jian was noncommittal.
You were a hulking beast.
You visited 1 branch of the dungeon, and saw 4 of its levels.
You also visited: Ossuary.

You collected 41 gold pieces.

Inventory:

Hand Weapons
 e - a +0 spear
 h - a +2 dagger of electrocution (weapon)
 q - a +0 falchion of holy wrath
Missiles
 i - a throwing net (quivered)
 p - 4 javelins
Armour
 f - a +0 cloak (melded)
 j - a scarf of shadows
 l - a +1 pair of gloves (melded)
Jewellery
 g - a +6 ring of dexterity (left hand)
Talismans
 b - a beast talisman (active)
 c - a flux talisman
Scrolls
 d - a scroll of identify {unknown}
 k - a scroll of immolation {unknown}
Potions
 a - 2 potions of lignification
 m - 2 potions of heal wounds {unknown}
 n - a potion of curing {unknown}


   Skills:
 - Level 1.1 Fighting
 - Level 1.7 Dodging
 - Level 3.0 Unarmed Combat
 + Level 5.7 Shapeshifting


You had 4 spell levels left.
You didn't know any spells.
Your spell library contained the following spells:

 Spells                   Type           Power      Damage    Failure   Level
 Apportation              Tloc           0%         N/A       36%         1
 Jinxbite                 Hex            0%         N/A       50%         2
 Lesser Beckoning         Tloc           0%         N/A       50%         2
 Scorch                   Fire           0%         2d5       50%         2
 Maxwell's Portable Pile  Tloc           0%         2d(5-13)  75%         3
 Teleport Other           Tloc           0%         N/A       75%         3
 Tukima's Dance           Hex            0%         N/A       75%         3
 Dimensional Bullseye     Hex/Tloc       0%         N/A       98%         4
 Flame Wave               Conj/Fire      0%         2d4       98%         4
 Iskenderun's Mystic Bla Conj/Tloc 0%             2d3        (+2d1     98%         4
 Alistair's Intoxication  Alch           0%         N/A       100%        5
 Summon Cactus Giant      Summ           0%         N/A       100%        6


Dungeon Overview and Level Annotations

Branches:
Dungeon (4/15)            Ossuary (1/1)
 Temple: D:4-7

Altars:
Vehumet
Wu Jian

Annotations:
D:3 Sigmund


Innate Abilities, Weirdness & Mutations

You are a hulking beast.
Your limbs bulge with bestial killing power. (Slay +3)
Your plain brown scales are hard. (AC +5)
You cannot fit into any form of body armour.
You are cold-blooded and may be slowed by cold attacks.


Message History

You hit the hobgoblin zombie.
The hobgoblin zombie is severely damaged.
The hobgoblin zombie hits you but does no damage.
The kobold zombie hits you but does no damage.
You completely miss the hobgoblin zombie.
The hobgoblin zombie is severely damaged.
The mummy misses you. The kobold zombie misses you.
The kobold zombie hits you but does no damage.
You barely miss the kobold zombie. The mummy closely misses you.
The kobold zombie barely misses you. x2
The kobold zombie attacks as it pursues you!
The kobold zombie closely misses you. The kobold zombie barely misses you.
The kobold zombie attacks as it pursues you!
The kobold zombie closely misses you. The kobold zombie closely misses you.
The kobold zombie misses you. The gnoll zombie closely misses you.
The kobold zombie misses you.
The kobold zombie attacks as it pursues you!
The kobold zombie closely misses you.
The gnoll zombie attacks as it pursues you!
The gnoll zombie hits you. x2
You puncture the gnoll zombie!
The gnoll zombie is heavily damaged.
The mummy hits you. The gnoll zombie hits you.
The gnoll zombie closely misses you.
You barely miss the gnoll zombie.
The gnoll zombie is heavily damaged.
The mummy barely misses you. x2
You hit the gnoll zombie. You tail-slap the gnoll zombie.
You destroy the gnoll zombie!
The Council accepts your kill. The gnoll zombie misses you. The mummy hits you!
* * * LOW HITPOINT WARNING * * *
You completely miss the kobold zombie. You tail-slap the kobold zombie!
The kobold zombie is severely damaged.
The mummy hits you!
* * * LOW HITPOINT WARNING * * *
The mummy closely misses you.
The gnoll zombie hits you but does no damage.
The mummy hits you!
You die...

............
#........#
#......#
#....#
#....#
#....#
#ZZ..#
#MZM.#
#hMZ.#
#MZ..#
#Z...#
#.∩∩.#
######


You could see 4 mummies, 2 hobgoblin zombies, a gnoll zombie, 2 kobold zombies
and an orc zombie.

Vanquished Creatures
  2 jellies (D:4)
  A mummy (D:4)
  2 adders (D:2)
  4 gnolls (D:3)
  A ribbon worm (D:3)
  5 bats
  2 endoplasms
  2 giant cockroaches
  2 gnoll zombies (Ossuary)
  6 goblins
  2 hobgoblins (D:2)
  4 jackals (D:1)
  8 kobolds
  3 quokkas
  2 ball pythons (D:2)
  A frilled lizard (D:2)
  A goblin zombie (D:4)
  An orc zombie (D:4)
  A rat (D:1)
50 creatures vanquished.

Notes
Turn   | Place    | Note
-------+----------+-------------------------------------------
     0 | D:1      | Cancer the Draconian Shapeshifter began the quest for the
                  | Orb.
     0 | D:1      | Reached XP level 1. HP: 16/16 MP: 1/1
   111 | D:1      | Reached XP level 2. HP: 23/23 MP: 2/2
   655 | D:2      | Reached skill level 4 in Shapeshifting
   702 | D:2      | Reached XP level 3. HP: 28/28 MP: 3/3
  1181 | D:2      | Found a radiant altar of Vehumet.
  1443 | D:3      | Noticed Sigmund
  1638 | D:3      | Found an ornate altar of the Wu Jian Council.
  1644 | D:3      | Became a worshipper of the Wu Jian Council
  1667 | D:3      | Reached XP level 4. HP: 35/35 MP: 4/4
  1692 | D:3      | Reached skill level 5 in Shapeshifting
  1751 | D:3      | You fall into a shaft and drop 1 floor!
  1835 | D:4      | Reached XP level 5. HP: 35/40 MP: 5/5
  1884 | D:4      | Found a sand-covered staircase.
  1920 | Ossuary  | Entered an ossuary
  1949 | Ossuary  | HP: 1/40 [mummy (10)]
  1949 | Ossuary  | Mangled by a mummy

Illustrated notes

Levels and vault maps discovered:
D:1:      dpeg_arrival_stonehenge_8_columns, layout_loops_ring,
          serial_park_tiny_1
D:2:      layout_basic, basic_altar
D:3:      layout_loops_ring, mainiacjoe_overflow_chevrons, uniq_sigmund
D:4:      layout_loops_ring, nicolae_ossuary_entry_giza, minmay_small_thing
Ossuary:  ossuary_tomb_3

Skill      XL: |  1  2  3  4 |
---------------+-------------+-----
Shapeshifting  | 4 5 |  5.7
Fighting       | |  1.1
Dodging        | |  1.7
Unarmed Combat | |  3.0

Action                     |  1- 3 |  4- 6 || total
---------------------------+-------+-------++-------
  Melee: Unarmed           |    14 |       ||    14
         Spear             |    32 |       ||    32
         Tailslap          |     7 |     3 ||    10
         Dagger            |    35 |    41 ||    76
Ability: Lunge             |       |     5 ||     5
         Begin Untransform |       |     1 ||     1
   Stab: Sleeping          |     1 |     3 ||     4
 Armour: Skin              |    39 |    25 ||    64
  Dodge: Dodged            |    51 |    26 ||    77
   Form: Beast             |       |     1 ||     1

Table legend: (Time is in decaauts)
 A = Elapsed time spent in this place.
 B = Non-inter-level travel time spent in this place.
 C = Inter-level travel time spent in this place.
 D = Time resting spent in this place.
 E = Time spent auto-exploring this place.
 F = Levels seen in this place.
 G = Mean time per level.
                   A        B        C        D        E       F      G
               +--------+--------+--------+--------+--------+-----+--------+
         Total |   1949 |   1804 |    145 |      0 |   1260 |   5 |  389.8 |
       Dungeon |   1921 |   1776 |    145 |      0 |   1260 |   4 |  480.2 |
       Ossuary |     28 |     28 |      0 |      0 |      0 |   1 |   28.0 |
               +--------+--------+--------+--------+--------+-----+--------+

Top non-repeatable levels by time:
     D:2: 885 daAuts
     D:1: 645 daAuts
     D:3: 223 daAuts
     D:4: 167 daAuts
 Ossuary: 28 daAuts
